 Dungeon Sprint DCSS version 0.24-a0-592-g9a1d66b0e3 (webtiles) character file.

Game seed: 8046529641575124357, levelgen mode: deterministic

390 MordorOrchid the Grappler (level 6, 0/61 HPs)
             Began as a Troll Necromancer on Sept 9, 2019.
             Was a Believer of Sif Muna.
             Slain by a hornet (shapeshifter) (12 damage)
             ... in the Dungeon (Sprint IX: "|||||||||||||||||||||||||||||").
             The game lasted 00:05:04 (217 turns).

MordorOrchid the Grappler (Troll Necromancer)        Turns: 217, Time: 00:05:07

Health: 0/61       AC:  6    Str: 17    XL:     6   Next: 50%
Magic:  10/10      EV: 14    Int: 13    God:    Sif Muna [**....]
Gold:   0          SH:  0    Dex: 13    Spells: 7/12 levels left

rFire    . . .     SeeInvis .     - Unarmed
rCold    . . .     Gourm    +   (no shield)
rNeg     . . .     Faith    .   a - +0 robe
rPois    .         Spirit   .   (helmet restricted)
rElec    .         Reflect  .   (no cloak)
rCorr    .         Harm     .   (gloves unavailable)
MR       .....     NoTele   +   (boots unavailable)
Stlth    ++........             (no amulet)
HPRegen  0.60/turn              q - +3 ring of dexterity
MPRegen  0.12/turn              p - +2 ring of evasion

@: slowed, very slow
A: large, unfitting armour, claws 3, fast metabolism 3, gourmand, regeneration
1, shaggy fur 1, tough skin 3
a: Channel Magic, Renounce Religion


You were in the Dungeon.
You worshipped Sif Muna.
Sif Muna was pleased with you.
You were not hungry.

You visited 1 branch

Inventory:

Hand Weapons
 m - a +2 halberd of venom
 n - a +2 rapier of draining
 o - a +2 scimitar of freezing
Armour
 a - a +0 robe (worn)
Magical Staves
 l - an uncursed staff of energy
Jewellery
 p - a +2 ring of evasion (right claw)
 q - a +3 ring of dexterity (left claw)
Wands
 k - a wand of iceblast (10)
Scrolls
 h - 3 scrolls of remove curse
 i - 2 scrolls of blinking
 j - 2 scrolls of amnesia
Potions
 d - 4 potions of curing
 e - 2 potions of heal wounds
 f - a potion of haste
 g - 4 potions of magic
Comestibles
 c - 2 rations


   Skills:
 - Level 3.2 Fighting
 * Level 5.0 Dodging
 - Level 1.0 Stealth
 * Level 9.3 Unarmed Combat
 * Level 3.8 Spellcasting
 - Level 5.3 Necromancy


You had 7 spell levels left.
You knew the following spells:

 Your Spells              Type           Power        Failure   Level  Hunger
a - Pain                  Necr           ###.         2%          1    #......
u - Animate Skeleton      Necr           N/A          2%          1    #......
v - Vampiric Draining     Necr           ###.......   7%          3    ###....

Your spell library contained the following spells:

 Spells                   Type           Power        Failure   Level  Hunger
 Regeneration             Chrm/Necr      #.........   22%         3    ###....
 Animate Dead             Necr           N/A          22%         4    #####..


Dungeon Overview and Level Annotations

Branches:
Dungeon (1/1)

Altars:
Cheibriados
Dithmenos
Elyvilon
Fedhas
Gozag
Hepliaklqana
Kikubaaqudgha
Makhleb
Nemelex Xobeh
Okawaru
Qazlal
Ru
Sif Muna
Trog
Uskayaw
Vehumet
Wu Jian
Xom
Yredelemnul
Zin
The Shining One
Beogh
Jiyva
Lugonu


Innate Abilities, Weirdness & Mutations

You are too large for most types of armour.
You have claws for hands.
Your metabolism is lightning-fast.
You like to eat raw meat.
Your natural rate of healing is unusually fast.
You are covered in fur. (AC +1)
You have extremely tough skin. (AC +3)


Message History

You feel as though you will be slow longer.
The deep elf mage casts a spell.
The deep elf mage blinks!
The necrophage hits you.
* * * LOW HITPOINT WARNING * * *
The hornet stings you but does no damage.
You can move again.
Unknown command.
Adjust (i)tems, (s)pells, or (a)bilities?
Adjust which spell? b - Vampiric Draining Adjust to which letter? v - Vampiric Draining You feel much better.
The deep elf mage casts a spell.
The deep elf mage blinks!
The necrophage misses you. The hornet stings you!
You feel as though you will be slow longer.
The necrophage hits you!
* * * LOW HITPOINT WARNING * * *
The hornet stings you!
You die...

▓+▓
▓○▓
▓E▓
▓E▓
▓E▓
▓o▓
▓n▓
▓@▓
▓y▓
▓§▓
▓.▓
▓.▓
▓.▓
▓)▓
▓e▓
▓.▓


You could see a deep elf mage, a hornet shaped shifter, 3 fire elementals, an
orc warrior and a necrophage.

Vanquished Creatures
  A hungry ghost (D)
  An orc warrior (D)
  3 crimson imps (D)
  2 worker ants (D)
  A gnoll (D)
  An adder zombie (D)
  2 orcs (D)
  2 bat skeletons (D)
  A bat zombie (D)
  A hobgoblin (D)
  A kobold (D)
  A goblin (D)
  A rat (D)
18 creatures vanquished.

Notes
Turn   | Place    | Note
-------+----------+-------------------------------------------
     0 | D        | MordorOrchid the Troll Necromancer began the quest for the
                  | Orb.
     0 | D        | Reached XP level 1. HP: 16/16 MP: 1/1
     2 | D        | Learned a level 1 spell: Animate Skeleton
     7 | D        | Reached skill level 1 in Fighting
     7 | D        | Reached skill level 1 in Unarmed Combat
    12 | D        | Reached skill level 2 in Unarmed Combat
    12 | D        | Reached XP level 2. HP: 23/29 MP: 0/2
    16 | D        | Reached skill level 3 in Unarmed Combat
    65 | D        | Noticed a crimson imp
    65 | D        | Noticed a crimson imp
    71 | D        | Reached XP level 3. HP: 34/36 MP: 2/4
    74 | D        | Reached XP level 4. HP: 45/45 MP: 2/5
    84 | D        | Reached skill level 4 in Unarmed Combat
    84 | D        | Reached skill level 5 in Necromancy
    94 | D        | Found a roughly hewn altar of Beogh.
    94 | D        | Found a snail-covered altar of Cheibriados.
    94 | D        | Found a shadowy altar of Dithmenos.
    94 | D        | Found a white marble altar of Elyvilon.
    94 | D        | Found a blossoming altar of Fedhas.
    94 | D        | Found an opulent altar of Gozag.
    95 | D        | Found a hazy altar of Hepliaklqana.
    96 | D        | Found a viscous altar of Jiyva.
    97 | D        | Found an ancient bone altar of Kikubaaqudgha.
    98 | D        | Found a corrupted altar of Lugonu.
    99 | D        | Found a burning altar of Makhleb.
   100 | D        | Found a sparkling altar of Nemelex Xobeh.
   101 | D        | Found an iron altar of Okawaru.
   102 | D        | Found a stormy altar of Qazlal.
   103 | D        | Found a sacrificial altar of Ru.
   104 | D        | Found a shimmering blue altar of Sif Muna.
   105 | D        | Found a bloodstained altar of Trog.
   106 | D        | Found a hide-covered altar of Uskayaw.
   107 | D        | Found a radiant altar of Vehumet.
   108 | D        | Found an ornate altar of the Wu Jian Council.
   109 | D        | Found a shimmering altar of Xom.
   110 | D        | Found a basalt altar of Yredelemnul.
   111 | D        | Found a glowing silver altar of Zin.
   112 | D        | Became a worshipper of Sif Muna the Loreminder
   113 | D        | Found a glowing golden altar of the Shining One.
   145 | D        | Learned a level 3 spell: Vampiric Draining
   146 | D        | Noticed a hungry ghost
   146 | D        | Noticed an orc warrior
   152 | D        | Reached skill level 5 in Unarmed Combat
   152 | D        | Reached XP level 5. HP: 53/53 MP: 7/7
   163 | D        | Killed an orc warrior
   163 | D        | Reached * piety under Sif Muna
   163 | D        | Reached skill level 7 in Unarmed Combat
   175 | D        | Killed a hungry ghost
   175 | D        | Reached skill level 5 in Dodging
   175 | D        | Reached skill level 9 in Unarmed Combat
   175 | D        | Reached XP level 6. HP: 55/61 MP: 8/10
   176 | D        | Reached ** piety under Sif Muna
   192 | D        | Noticed an orc warrior
   192 | D        | Noticed a deep elf mage
   192 | D        | Noticed a golden eye
   193 | D        | Noticed a fire elemental
   201 | D        | Noticed a warg
   201 | D        | a golden eye changed into a warg
   202 | D        | Noticed a hornet
   202 | D        | a warg changed into a hornet
   206 | D        | Noticed a fire elemental
   209 | D        | Noticed a fire elemental
   209 | D        | Noticed a fire elemental
   213 | D        | Paralysed by a hornet for 3 turns
   216 | D        | HP: 2/61 [necrophage (2)]
   217 | D        | Slain by a hornet (shapeshifter)

Levels and vault maps discovered:
D:        linesprint [early_d, line_temple, items_1, d_10, items_2, lair_1,
          lair_end, items_3, orc_1, orc_end, items_4, d_15, swamp_1, shoals_1,
          snake_1, spider_1, d_20, vaults_1, items_5, swamp_end, shoals_end,
          snake_end, spider_end, vaults_end, d_27, items_6, zot_1, zot_end,
          crypt_end, forest_end, elf_end, slime_end, tomb_end, abyss_end,
          pan_hell_end]

Skill      XL: |  1  2  3  4  5 |
---------------+----------------+-----
Fighting       | 2 3 |  3.2
Unarmed Combat | 2 3 5 9 |  9.3
Dodging        | 2 3 5 |  5.0
Necromancy     | 4 5 |  5.3
Spellcasting   | 2 3 |  3.8
Stealth        | |  1.0

Action                   |  1- 3 |  4- 6 || total
-------------------------+-------+-------++-------
Melee: Unarmed           |    18 |    56 ||    74
       Punch             |       |     2 ||     2
 Cast: Pain              |     1 |       ||     1
       Animate Skeleton  |     2 |       ||     2
  Use: Potion            |     1 |     3 ||     4
 Stab: Invisible         |       |     7 ||     7
  Eat: Chunk             |     3 |     1 ||     4
Armor: Robe              |     7 |    17 ||    24
Dodge: Dodged            |     2 |    31 ||    33

Table legend:
 A = Non-vault XP
 B = Vault XP
 C = Vault XP percentage of total XP
 D = Non-vault monster count
 E = Vault monster count
 F = Vault count percentage of total count
                 A         B        C        D         E       F
            +---------+---------+-------+---------+---------+-------
      Total |       0 |     558 | 100.0 |       0 |      18 | 100.0
            +---------+---------+-------+---------+---------+-------
          D |       0 |     558 | 100.0 |       0 |      18 | 100.0
            +---------+---------+-------+---------+---------+-------
